 Dungeon Crawl Stone Soup version 0.31.0-1-g2c135a0 (webtiles) character file.

Game seed: 17751624932098634379

84718 alkersh the Peltast (level 15, 0/147 HPs)
             Began as a Minotaur Fighter on Feb 16, 2024.
             Was the Champion of the Shining One.
             Slain by a salamander
             ... wielding a +0 trident
              (8 damage)
             ... on level 4 of the Snake Pit on Feb 17, 2024.
             The game lasted 01:36:28 (15188 turns).

alkersh the Peltast (Minotaur Fighter)             Turns: 15188, Time: 01:36:29

Health: 0/147      AC: 11    Str: 30    XL:     15   Next: 36%
Magic:  14/14      EV: 16    Int:  7    God:    the Shining One [******]
Gold:   335        SH: 20    Dex: 16    Spells: 14/14 levels left

rFire   . . .        L - +6 shillelagh "Devastator" {shatter}
rCold   + + .        c - +0 tower shield {rC+}
rNeg    + + +        S - +1 leather armour of Noon {rPois Str-4 Int+2 Slay+3}
rPois   +            I - +1 hat {Will+}
rElec   .            t - +0 cloak
rCorr   .            r - +0 pair of gloves
SInv    .            g - +1 pair of boots "Baahat" {^Drain +Inv rC+ rN++}
Will    ++...        R - amulet of regeneration
Stlth   +            M - +6 ring of dexterity
HPRegen 1.24/turn    N - +6 ring of strength
MPRegen 0.14/turn

%: no passive effects
@: lethally poisoned (0 -> -14), about to teleport, slowed, glowing, very slow
A: horns 2, retaliatory headbutt
a: Renounce Religion, Evoke Invisibility, Divine Shield, Cleansing Flame, Summon
Divine Warrior, Brand Weapon With Holy Wrath


You were on level 4 of the Snake Pit.
You worshipped the Shining One.
The Shining One was exalted by your worship.
You visited 4 branches of the dungeon, and saw 17 of its levels.
You visited 1 bazaar.
You also visited: Ossuary.

You collected 999 gold pieces.
You spent 664 gold pieces at shops.

Inventory:

Hand Weapons
 f - a +0 heavy spear
 m - a +2 whip of freezing
 L - the +6 shillelagh "Devastator" (weapon) {shatter}
   (You found it on level 5 of the Dungeon)
 U - a +2 war axe of holy wrath
 X - a +3 halberd
 Y - a +4 battleaxe of freezing
 Z - a +5 falchion
Missiles
 o - 5 throwing nets (quivered)
 x - 3 silver javelins
 y - 14 poisoned darts
Armour
 c - a +0 tower shield of cold resistance (worn)
 g - the +1 pair of boots "Baahat" (worn) {^Drain +Inv rC+ rN++}
   (You bought it in a shop in a bazaar)

   rC+:       It protects you from cold.
   rN++:      It greatly protects you from negative energy.
   +Inv:      It lets you turn invisible.
   ^Drain:    It drains your maximum health when unequipped.
 r - a +0 pair of gloves (worn)
 t - a +0 cloak (worn)
 v - a +3 ring mail of willpower
 z - a +2 kite shield of cold resistance
 E - +0 steam dragon scales
 G - the +1 scale mail of Detiluf {rC+ Int+6}
   (You found it on level 5 of the Dungeon)

   Int+6:     It affects your intelligence (+6).
   rC+:       It protects you from cold.
 I - a +1 hat of willpower (worn)
 S - the +1 leather armour of Noon (worn) {rPois Str-4 Int+2 Slay+3}
   (You found it on level 8 of the Dungeon)

   Str-4:     It affects your strength (-4).
   Int+2:     It affects your intelligence (+2).
   Slay+3:    It affects your accuracy & damage with ranged weapons and melee
   (+3).
   rPois:     It protects you from poison
 T - +0 ice dragon scales
Jewellery
 j - a ring of poison resistance
 l - an amulet of reflection
 s - a ring of see invisible
 M - a +6 ring of dexterity (left hand)
 N - a +6 ring of strength (right hand)
 R - an amulet of regeneration (around neck)
Talismans
 J - the serpent talisman "Ugaela" {rC+ rN+ Dex+3}
   (You took it off Aizul on level 4 of the Snake Pit)

   [serpent talisman]

   Dex+3:     It affects your dexterity (+3).
   rC+:       It protects you from cold.
   rN+:       It protects you from negative energy.
Wands
 q - a wand of polymorph (11)
 D - a wand of mindburst (20)
 O - a wand of paralysis (11)
 Q - a wand of roots (10)
 W - a wand of acid (12)
Scrolls
 a - 2 scrolls of vulnerability
 e - a scroll of fog
 u - a scroll of amnesia
 A - 4 scrolls of enchant weapon
 B - 3 scrolls of revelation
 C - 2 scrolls of teleportation
 F - a scroll of silence
 K - 4 scrolls of identify
 V - 2 scrolls of poison
Potions
 b - a potion of ambrosia
 d - 2 potions of might
 h - a potion of brilliance
 i - 5 potions of haste
 k - a potion of cancellation
 n - 5 potions of magic
 p - 2 potions of berserk rage
 w - 2 potions of enlightenment
 H - 2 potions of invisibility
 P - a potion of resistance


   Skills:
 * Level 17.1 Fighting
 + Level 10.1(14.1) Axes
 + Level 15.7(16.8) Maces & Flails
 + Level 9.9 Armour
 + Level 9.6 Dodging
 - Level 1.1 Stealth
 * Level 17.2 Shields
 + Level 0.6 Invocations


You had 14 spell levels left.
You didn't know any spells.
Your spell library contained the following spells:

 Spells                   Type           Power      Damage    Failure   Level
 Cigotuvi's Dreadful Rot  Necr/Alch/Air  0%         N/A       80%         2
 Hailstorm                Conj/Ice       0%         3d5       95%         3
 Summon Ice Beast         Ice/Summ       0%         N/A       95%         3
 Ignite Poison            Fire/Alch      0%         N/A       100%        4
 Leda's Liquefaction      Alch/Erth      0%         N/A       100%        4
 Manifold Assault         Tloc           0%         N/A       100%        4
 Freezing Cloud           Conj/Ice/Air   0%         6-21      100%        5
 Iskenderun's Battlesphe  Conj           0%         2d6       100%        5
 Lee's Rapid Deconstruct  Erth           0%         3d4*      100%        5
 Bombard                  Conj/Erth      0%         9d1       100%        6
 Dispersal                Tloc           0%         N/A       100%        6
 Sculpt Simulacrum        Ice/Alch       0%         N/A       100%        6
 Spellforged Servitor     Conj/Summ      0%         N/A       100%        7
 Disjunction              Tloc           0%         N/A       100%        8
 Chain Lightning          Conj/Air       0%         N/A       100%        9
 Fire Storm               Conj/Fire      0%         5d1       100%        9
 Shatter                  Erth           0%         3d5*      100%        9


Dungeon Overview and Level Annotations

Branches:
Dungeon (9/15)             Temple (1/1) D:4            Lair (3/5) D:9
  Swamp (0/4) Lair:3        Snake (4/4) Lair:3      Ossuary (visited)
    Orc: D:9-12

Altars:
Ashenzari
Cheibriados
Dithmenos
Elyvilon
Gozag
Kikubaaqudgha
Makhleb
Nemelex Xobeh
Okawaru
Qazlal
Sif Muna
Trog
Uskayaw
Vehumet
Wu Jian
Yredelemnul
Zin
The Shining One

Shops:
D:1 *   Snake:2 (*?   Snake:3 !   Snake:4 :


Innate Abilities, Weirdness & Mutations

You have a pair of horns on your head.
You reflexively headbutt those who attack you in melee.


Message History

You block the bolt. The salamander completely misses you.
You sock the naga mage!
There is a shattering impact!
The naga mage is severely wounded.
The black mamba is severely wounded.
The naga sharpshooter is lightly wounded.
The salamander is heavily wounded.
The naga mage is severely wounded.
You feel extremely sick. You block the salamander's attack.
A naga comes into view. It is wielding a +0 glaive.
You block the salamander's attack.
The naga sharpshooter mumbles some strange words.
The naga sharpshooter magically shoots a bolt.
The bolt hits you! You block the naga mage's attack. x2
You bludgeon the naga mage!!
The naga sharpshooter, the salamander and the black mamba shudder.
The naga sharpshooter is heavily wounded.
The salamander is severely wounded.
You kill the black mamba!
You kill the naga mage!
You feel extremely sick.
The salamander hits you from afar with a +0 trident!
You are engulfed in flames!
* * * LOW HITPOINT WARNING * * *
The naga warrior spits poison at you. The splash of poison hits you.
You are more poisoned.
* * * LOW HITPOINT WARNING * * *
The naga sharpshooter shoots a bolt.
You block the bolt. You block the salamander's attack.
As you read the scroll of teleportation, it crumbles to dust.
You feel strangely unstable.
You feel less vulnerable to poison.
You feel extremely sick.
A black mamba comes into view.
The salamander closely misses you.
The naga sharpshooter shoots a bolt.
You block the bolt.
The salamander hits you but does no damage.
The salamander hits you from afar with a +0 trident!
* * * LOW HITPOINT WARNING * * *
You are engulfed in flames!
You die...

#.... ...........## #....
............# #####
..N.........#
............##
.......N.....## ..#
#......†......# ..#
.....NN)N.....# ..#
.......@......##..######
........#......#..##...#
....#.............##....
...#........#..)...##....
..?.N....#........##....
##....⌠...###......###....
#..#........##.....# #....
.............##)...# #####
....#.....#...[)..## #.#


You could see a naga warrior, a naga sharpshooter (strong, curare), 2
salamanders and 2 nagas.

Vanquished Creatures
  Mara (Snake:4)
  Rupert (Snake:1)
  Gastronok (Lair:3)
  3 nagarajas
  Aizul (Snake:4)
  4 salamander tyrants
  3 hydras
  5 anacondas
  2 ghost crabs (Lair:3)
  12 naga warriors
  Nergalle (Lair:3)
  10 shock serpents
  7 naga sharpshooters
  A spectral death yak (Lair:3)
  3 salamander mystics (Snake:4)
  6 mana vipers
  5 naga ritualists
  A lindwurm (Lair:3)
  Pikel (D:8)
  17 salamanders
  3 elephants (Lair:3)
  11 naga magi
  23 black mambas
  4 guardian serpents
  Joseph (D:8)
  Maggie (D:8)
  9 cane toads
  3 komodo dragons
  A hornet (D:8)
  9 blink frogs
  33 yaks
  2 wyverns
  A spectral komodo dragon (Lair:3)
  2 steam dragons
  2 basilisks
  Eustachio (D:5)
  47 nagas
  7 water moccasins
  A spectral blink frog (Lair:3)
  3 sky beasts
  3 black bears
  2 ogres
  15 wolves (Lair:2)
  A centaur (D:5)
  3 lemures (D:8)
  A kobold brigand (D:9)
  A gnoll sergeant (D:6)
  10 bullfrogs
  A water moccasin zombie (Ossuary)
  7 scorpions
  8 wights
  A howler monkey (D:6)
  10 electric eels
  A jelly (D:6)
  4 lava snakes (Lair:3)
  4 bombardier beetles
  3 bullfrog zombies (Ossuary)
  2 centaur zombies (Ossuary)
  6 hounds
  3 gnoll boudas
  4 sleepcaps
  2 human zombies (Ossuary)
  Terence (D:3)
  8 iguanas
  A scorpion zombie (Ossuary)
  4 hell rats (Lair:2)
  5 orc wizards
  11 gnolls
  7 adders
  A shadow imp (D:6)
  A white imp (D:6)
  3 adder zombies (Ossuary)
  A ribbon worm (D:2)
  2 dart slugs
  19 orcs
  9 ball pythons
  A bat (D:1)
  4 endoplasms
  5 giant cockroaches
  3 gnoll zombies (Ossuary)
  2 goblins (D:1)
  3 hobgoblins
  3 quokkas
  2 frilled lizards
  2 goblin zombies (Ossuary)
  2 hobgoblin zombies (Ossuary)
  14 kobolds
  4 orc zombies (Ossuary)
  4 rats
463 creatures vanquished.

Notes
Turn   | Place    | Note
-------+----------+-------------------------------------------
     0 | D:1      | alkersh the Minotaur Fighter began the quest for the Orb.
     0 | D:1      | Reached XP level 1. HP: 19/19 MP: 0/0
   259 | D:1      | Reached XP level 2. HP: 24/25 MP: 1/1
   405 | D:1      | Found Poget's Assorted Antiques.
   566 | D:2      | Reached XP level 3. HP: 33/33 MP: 2/2
   923 | D:3      | Noticed Terence
   928 | D:3      | Killed Terence
  1024 | D:1      | Bought a glowing ring mail for 133 gold pieces
  1143 | D:3      | Reached XP level 4. HP: 40/40 MP: 3/3
  1646 | D:4      | Noticed a scorpion
  1656 | D:4      | Killed a scorpion
  1657 | D:4      | Reached XP level 5. HP: 42/46 MP: 4/4
  1698 | D:4      | Reached skill level 1 in Stealth
  1739 | D:4      | Found a staircase to the Ecumenical Temple.
  1853 | Temple   | Entered the Ecumenical Temple
  1865 | Temple   | Became a worshipper of the Shining One
  1917 | D:4      | Reached skill level 1 in Dodging
  2021 | D:4      | Reached skill level 5 in Armour
  2136 | D:4      | Reached XP level 6. HP: 52/53 MP: 5/5
  2441 | D:5      | Entered Level 5 of the Dungeon
  2467 | D:5      | Reached skill level 5 in Axes
  2488 | D:5      | Reached skill level 5 in Shields
  2695 | D:5      | Reached XP level 7. HP: 51/60 MP: 6/6
  2856 | D:5      | Identified the +1 scale mail of Detiluf {rC+ Int+6}
  2864 | D:5      | Found a burning altar of Makhleb.
  2912 | D:5      | Found a sand-covered staircase.
  2918 | D:5      | Reached skill level 5 in Fighting
  2929 | Ossuary  | Entered an ossuary
  3009 | Ossuary  | Reached * piety under the Shining One
  3054 | Ossuary  | Reached XP level 8. HP: 63/69 MP: 7/7
  3072 | Ossuary  | Reached ** piety under the Shining One
  3180 | Ossuary  | Noticed a silent spectre
  3275 | D:5      | Found a shimmering blue altar of Sif Muna.
  3426 | D:5      | Found the +6 shillelagh "Devastator" {shatter}
  3477 | D:5      | Noticed Eustachio
  3488 | D:5      | Killed Eustachio
  3779 | D:6      | Reached skill level 1 in Maces & Flails
  4128 | D:6      | Reached *** piety under the Shining One
  4212 | D:6      | Reached XP level 9. HP: 75/75 MP: 8/8
  4222 | D:6      | Reached skill level 10 in Axes
  4626 | D:7      | Reached skill level 5 in Maces & Flails
  5058 | D:7      | Found a white marble altar of Elyvilon.
  5225 | D:7      | Found a shadowy altar of Dithmenos.
  5480 | D:8      | Identified the +1 leather armour of Noon {rPois Str-4 Int+2
                  | Slay+3}
  5495 | D:8      | Noticed Maggie
  5515 | D:8      | Killed Maggie
  5666 | D:8      | Paralysed by a hornet for 1 turns
  5671 | D:8      | Reached XP level 10. HP: 36/86 MP: 9/9
  6043 | D:8      | Noticed Pikel
  6050 | D:8      | Killed Pikel
  6055 | D:8      | Reached **** piety under the Shining One
  6131 | D:8      | Noticed Joseph
  6139 | D:8      | Killed Joseph
  6973 | D:9      | Found a broken altar of Ashenzari.
  7096 | D:9      | Found a staircase to the Lair.
  7172 | D:9      | Found an opulent altar of Gozag.
  7684 | D:9      | Reached skill level 10 in Maces & Flails
  7806 | Lair:1   | Entered Level 1 of the Lair of Beasts
  7806 | Lair:1   | Noticed a cane toad
  7810 | Lair:1   | Killed a cane toad
  7867 | Lair:1   | Noticed a cane toad
  7867 | Lair:1   | Noticed a cane toad
  7870 | Lair:1   | Killed a cane toad
  7876 | Lair:1   | Killed a cane toad
  7877 | Lair:1   | Reached XP level 11. HP: 97/97 MP: 10/10
  8336 | Lair:1   | Reached skill level 5 in Dodging
  8665 | Lair:2   | Noticed a seven-headed hydra
  8672 | Lair:2   | Killed a seven-headed hydra
  8673 | Lair:2   | Reached skill level 10 in Fighting
  8687 | Lair:2   | Reached ***** piety under the Shining One
  9065 | Lair:2   | Reached XP level 12. HP: 110/110 MP: 11/11
  9765 | Lair:3   | Noticed Gastronok
  9777 | Lair:3   | Killed Gastronok
  9778 | Lair:3   | Reached skill level 10 in Shields
  9941 | Lair:3   | Noticed a five-headed hydra
  9943 | Lair:3   | Noticed a five-headed hydra
  9949 | Lair:3   | Killed a five-headed hydra
  9953 | Lair:3   | Killed a five-headed hydra
 10082 | Lair:3   | Noticed Nergalle
 10090 | Lair:3   | Killed Nergalle
 10311 | Lair:3   | Found a staircase to the Snake Pit.
 10491 | Lair:3   | Noticed a ghost crab
 10491 | Lair:3   | Noticed a ghost crab
 10504 | Lair:3   | Killed a ghost crab
 10510 | Lair:3   | Found a staircase to the Swamp.
 10516 | Lair:3   | Killed a ghost crab
 11133 | Snake:1  | Entered Level 1 of the Snake Pit
 11165 | Snake:1  | Reached XP level 13. HP: 120/122 MP: 12/12
 11178 | Snake:1  | Noticed Rupert
 11188 | Snake:1  | Killed Rupert
 12002 | Snake:2  | Found Dikeed's Weapon Shop.
 12052 | Snake:2  | Reached skill level 15 in Maces & Flails
 12249 | Snake:2  | Found a flickering gateway to a bazaar.
 12286 | Snake:2  | Reached skill level 15 in Fighting
 12388 | Bazaar   | Entered a bazaar
 12388 | Bazaar   | Found Hureac's Armour Boutique.
 12388 | Bazaar   | Found Qaezuj's Antique Armour Shop.
 12388 | Bazaar   | Found Ymizif's Antique Weapon Shop.
 12400 | Bazaar   | Bought a pair of encrusted boots for 237 gold pieces
 12400 | Bazaar   | Identified the +1 pair of boots "Baahat" {^Drain +Inv rC+
                  | rN++} (You bought it in a shop in a bazaar)
 12405 | Bazaar   | Bought a twisted flail for 161 gold pieces
 12405 | Bazaar   | Identified the +5 flail of Leliesse {drain, rC+ rN+ Will++
                  | Dex-2} (You bought it in a shop in a bazaar)
 12405 | Bazaar   | Bought a glowing broad axe for 133 gold pieces
 12681 | Snake:2  | Found Kebesch's Magic Scroll Boutique.
 12696 | Snake:2  | Reached XP level 14. HP: 68/135 MP: 13/13
 12754 | Snake:2  | Found Sooceofu's General Store.
 12798 | Snake:2  | Noticed a nagaraja
 12803 | Snake:2  | Killed a nagaraja
 13139 | Snake:3  | Found Roschu Leijiy's Distillery.
 13520 | Snake:3  | Reached ****** piety under the Shining One
 13785 | Snake:3  | Reached skill level 15 in Shields
 14107 | Snake:4  | Entered Level 4 of the Snake Pit
 14163 | Snake:4  | Identified the serpent talisman "Ugaela" {rC+ rN+ Dex+3}
 14163 | Snake:4  | Noticed Aizul
 14186 | Snake:4  | Killed Aizul
 14427 | Snake:4  | Found a basalt altar of Yredelemnul.
 14428 | Snake:4  | Noticed Mara
 14432 | Snake:4  | Noticed alkersh's illusion
 14471 | Snake:4  | Noticed alkersh's illusion
 14472 | Snake:4  | Killed Mara
 14582 | Snake:4  | Found Cyideet's Tiny Tomes.
 14786 | Snake:4  | Reached XP level 15. HP: 129/145 MP: 14/14
 14788 | Snake:4  | Noticed a nagaraja
 14804 | Snake:4  | Noticed a nagaraja
 15040 | Snake:4  | Killed a nagaraja
 15047 | Snake:4  | Killed a nagaraja
 15188 | Snake:4  | Slain by a salamander

Illustrated notes

Levels and vault maps discovered:
D:1:      roadster_arrival_rocket_large, layout_rooms, serial_shops,
          nicolae_shop_just_a_little_nook, patterned_corridor
D:2:      layout_rooms
D:3:      layout_rooms, uniq_terence
D:4:      layout_basic, minmay_temple_entry_poolview, minmay_misc_feat_diagonals
D:5:      layout_cave_pools, lightli_temple_of_fire, kennysheep_orc_sif_temple,
          lightli_ossuary_entry_decrepit_ruins, uniq_eustachio
D:6:      minmay_octagon_keep, layout_loops_ring
D:7:      layout_cave_pools, nicolae_overflow_hidden_temple,
          nicolae_elyvilon_temple_path
D:8:      layout_loops_ring, chequers_big_river, uniq_maggie, uniq_joseph,
          uniq_pikel
D:9:      layout_grid_maze, nicolae_overflow_crystal_walls,
          mainiacjoe_overflow_concentric_impassable, lair_entry_dummy
Temple:   nicolae_temple_no_exploring_needed
Lair:1:   layout_loops_ring
Lair:2:   layout_cave_pods, grunt_megastairs_4, lemuel_fruit_fields
Lair:3:   layout_long_grid, nicolae_swamp_entry_spooky,
          nicolae_snake_entry_warm_welcome, nicolae_volcano_entry_vermiform,
          disabler_island, uniq_gastronok, uniq_nergalle
Snake:1:  layout_misc_corridors, uniq_rupert
Snake:2:  layout_gridlike, serial_shops, bzr_entry_water, shop, shop, shop,
          special_room
Snake:3:  layout_onion, serial_shops, shop
Snake:4:  snake_pit, layout_gridlike, basic_altar,
          nicolae_shop_i_like_small_books_too, corexii_hall_statues_t,
          minmay_shop_star, uniq_aizul, uniq_mara, uniq_saint_roka

Skill      XL: |  1  2  3  4  5  6  7  8  9 10 11 12 13 14 15 |
---------------+----------------------------------------------+-----
Fighting       | 4 5 6 7 9 11 13 15 16 17 | 17.1
Axes           | 3 4 6 7 9 10 | 10.1
Armour         | 4 5 6 8 9 |  9.9
Shields        | 4 5 6 7 8 9 11 13 16 17 | 17.2
Stealth        | 1 |  1.1
Dodging        | 1 2 3 4 5 6 8 9 |  9.6
Maces & Flails | 2 8 10 12 14 15 | 15.7
Invocations    | |  0.6

Action                     |  1- 3 |  4- 6 |  7- 9 | 10-12 | 13-15 || total
---------------------------+-------+-------+-------+-------+-------++-------
  Melee: War axe           |    69 |    83 |    76 |       |       ||   228
         Headbutt          |     7 |     7 |    37 |    57 |   102 ||   210
         Shillelagh        |       |       |   103 |   245 |   375 ||   723
 Invoke: Divine Shield     |       |       |       |       |     1 ||     1
    Use: Scroll            |       |       |    16 |    10 |     9 ||    35
         Potion            |       |       |       |     2 |    11 ||    13
 Armour: Scale mail        |    36 |       |       |       |       ||    36
         Ring mail         |       |    33 |    97 |    32 |       ||   162
         Leather armour    |       |       |       |   108 |   162 ||   270
  Dodge: Dodged            |    27 |    41 |    71 |    74 |   112 ||   325
  Block: Buckler           |    25 |    38 |    75 |    63 |    12 ||   213
         Reflection        |     1 |     2 |     4 |     2 |       ||     9
         Tower shield      |       |       |       |       |   291 ||   291
